 Dungeon Crawl Stone Soup version 0.19.4 (webtiles) character file.

38 JeffiDaFish the Stinger (level 3, -5/20 HPs)
             Began as a Gargoyle Venom Mage on Jan 31, 2017.
             Slain by Terence
             ... wielding a cursed -1 mace
              (6 damage)
             ... on level 2 of the Dungeon.
             The game lasted 00:05:17 (1125 turns).

JeffiDaFish the Stinger (Gargoyle Venom Mage)       Turns: 1125, Time: 00:05:18

Health: -5/20      AC: 10    Str:  8 (11) XL:     3   Next: 43%
Magic:  0/6        EV: 11    Int: 13 (15) God:
Gold:   59         SH:  0    Dex: 10 (11) Spells: 2 memorised, 2 levels left

rFire  . . .     SeeInvis .     f - -2 dagger (curse)
rCold  . . .     Gourm    .     d - +1 leather armour
rNeg   + . .     Faith    .     (no shield)
rPois  ∞         Spirit   .     (no helmet)
rElec  +         Reflect  .     i - +2 cloak
rCorr  .         Harm     .     (no gloves)
MR     .....                    (no boots)
Stlth  ++........               (no amulet)
                                (no ring)
                                (no ring)

@: no status effects
A: negative energy resistance 1, electricity resistance, unbreathing,
petrification resistance, rot immunity, AC +3
a: no special abilities


You were on level 2 of the Dungeon.
You were not hungry.

You visited 1 branch of the dungeon, and saw 2 of its levels.

You collected 59 gold pieces.

Inventory:

Hand Weapons
 f - a cursed -2 dagger (weapon)
 h - a +1 short sword
Armour
 d - a +1 leather armour (worn)
 i - a +2 cloak (worn)
Jewellery
 k - a +6 ring of protection {unknown}
Potions
 e - a potion of might
Books
 b - a Young Poisoner's Handbook

   Spells                             Type                      Level
   a - Sting                          Conjuration/Poison           1
   b - Mephitic Cloud                 Conjuration/Poison/Air       3
   c - Olgreb's Toxic Radiance        Poison                       4
   d - Alistair's Intoxication        Transmutation/Poison         5
   e - Venom Bolt                     Conjuration/Poison           5
Comestibles
 a - 3 chunks of flesh
 c - 2 bread rations
 g - a beef jerky
 l - a meat ration


   Skills:
 + Level 0.7 Fighting
 - Level 0.8 Short Blades
 - Level 0.4 Armour
 + Level 1.8 Dodging
 + Level 2.2 Stealth
 * Level 2.1 Spellcasting
 + Level 0.2 Conjurations
 + Level 0.0 Air Magic
 * Level 4.4 Poison Magic


You had 2 spell levels left.
You knew the following spells:

 Your Spells              Type           Power        Failure   Level  Hunger
a - Sting                 Conj/Pois      #...         17%         1    ##.....
b - Mephitic Cloud        Conj/Pois/Air  #.......     61%         3    ####...


Dungeon Overview and Level Annotations

Branches:
Dungeon (2/15)

Altars:

Annotations:
D:2 Terence


Innate Abilities, Weirdness & Mutations

You are resistant to torment.
Your stone body is resilient. (AC +3)
You are immune to poison.
You resist negative energy. (rN+)
You are resistant to electric shocks. (rElec)
You can survive without breathing.
You are immune to petrification.
You are immune to rotting.


Message History

You hit Terence but do no damage.
Terence is severely wounded.
Terence hits you with a mace.
* * * LOW HITPOINT WARNING * * *
You hit Terence but do no damage.
Terence is severely wounded.
You barely miss Terence.
Terence is severely wounded.
Terence hits you but does no damage.
You barely miss Terence.
Terence is severely wounded.
Terence hits you with a mace.
* * * LOW HITPOINT WARNING * * *
You hit Terence but do no damage.
Terence is severely wounded.
Terence misses you.
You hit Terence.
Terence is almost dead.
Terence hits you with a mace.
You die...

#.#
##....#.#.#.#..)..#
#+#
####.#.#.#.#.....#
#.#.#.#.#.....#
#.....#.#...#......
............+......
##.###.#.(.#......
#.#####......
###########.# ...##
......@@...(# ..#
#.....####### #....
####


You could see Terence.

Vanquished Creatures
  An adder (D:1)
  A dart slug (D:1)
  3 giant cockroaches (D:1)
  3 goblins
  3 hobgoblins
  3 bats
  4 frilled lizards (D:1)
  4 kobolds
  6 rats
28 creatures vanquished.

Vanquished Creatures (others)
  5 toadstools (D:1)
5 creatures vanquished.

Grand Total: 33 creatures vanquished

Notes
Turn   | Place    | Note
-------+----------+-------------------------------------------
     0 | D:1      | JeffiDaFish the Gargoyle Venom Mage began the quest for the Orb.
     0 | D:1      | Reached XP level 1. HP: 10/10 MP: 3/3
   248 | D:1      | Reached XP level 2. HP: 15/15 MP: 5/5
   711 | D:1      | Reached XP level 3. HP: 17/20 MP: 2/6
   875 | D:2      | Learned a level 3 spell: Mephitic Cloud
  1075 | D:2      | Noticed Terence
  1123 | D:2      | HP: 1/20 [Terence/mace (4)]
  1125 | D:2      | Slain by Terence

Action                   || total
-------------------------++-------
Melee: Dagger            ||   142
 Cast: Sting             ||    54
  Use: Potion            ||     4
       Scroll            ||     5
 Stab: Sleeping          ||     2
  Eat: Chunk             ||     2
Armor: Leather armour    ||    58
Dodge: Dodged            ||    67
